Match 41853908
Unlisted

Match 41853908
End
Scout Squad
Construct Barracks
Selects Armored Battlegroup
Selects Veteran Crews
Riflemen Squad
Riflemen Squad
Riflemen Squad
Infantry Support Center
M1 Mortar Team
Construct Weapon Support Center
Construct Medical Station
M3 Armored Personnel Carrier
Bazooka Squad
Selects Fast Deploy
M1919 Machine Gun Team
Riflemen Squad
Advanced Logistics
Grenade Package
Selects Seek and Destroy
M1918 Browning Automatic Rifles
Riflemen Squad
M1919 Machine Gun Team
Construct Tank Depot
M1 Mortar Team
M1919 Machine Gun Team
Engineer Squad
mrst3el
Grand.G
0
0

Comments sign in to comment!

No comments posted yet!